 Dungeon Crawl Stone Soup version 0.28.0-53-g5a82cb258f (webtiles) character file.

Game seed: 3559596403664922987

241 Revguard the Chopper (level 5, 0/46 HPs)
             Began as a Minotaur Gladiator on Aug 25, 2022.
             Slain by a quokka (2 damage)
             ... on level 2 of the Dungeon.
             The game lasted 00:02:56 (1354 turns).

Revguard the Chopper (Minotaur Gladiator)           Turns: 1354, Time: 00:02:56

Health: 0/46       AC:  3    Str: 19    XL:     5   Next: 80%
Magic:  5/5        EV: 13    Int:  5    God:
Gold:   32         SH:  0    Dex: 13    Spells: 4/4 levels left

rFire   . . .      SeeInvis .   d - +0 war axe (vamp)
rCold   . . .      Faith    .   (no shield)
rNeg    . . .      Spirit   .   b - +0 leather armour
rPois   .          Reflect  .   c - +0 hat
rElec   .          Harm     .   (no cloak)
rCorr   .          Rampage  .   (no gloves)
Will    .....                   (no boots)
Stlth   +.........              (no amulet)
HPRegen 0.15/turn               (no ring)
MPRegen 0.09/turn               (no ring)

@: confused
A: horns 2, retaliatory headbutt
a: no special abilities


You were on level 2 of the Dungeon.
You visited 1 branch of the dungeon, and saw 2 of its levels.

You collected 35 gold pieces.
You donated 3 gold pieces to Zin.

Inventory:

Hand Weapons
 a - a +0 war axe
 d - a +0 vampiric war axe (weapon)
Missiles
 k - 2 throwing nets (quivered)
Armour
 b - a +0 leather armour (worn)
 c - a +0 hat (worn)
 j - a +0 chain mail
Scrolls
 e - a scroll of teleportation {unknown}
 g - a scroll of vulnerability {unknown}
 h - a scroll of identify {unknown}
Potions
 f - a potion of haste {unknown}


   Skills:
 + Level 3.7 Fighting
 + Level 4.6 Axes
 - Level 2.0 Throwing
 + Level 2.6 Armour
 + Level 4.1 Dodging
 + Level 2.0 Invocations
 + Level 1.8 Evocations


You had 4 spell levels left.
You didn't know any spells.
Your spell library was empty.

Dungeon Overview and Level Annotations

Branches:
Dungeon (2/15)

Altars:
Zin


Innate Abilities, Weirdness & Mutations

You have a pair of horns on your head.
You reflexively headbutt those who attack you in melee.


Message History

The orc wizard flickers and vanishes!
Deactivating autopickup; reactivate with Ctrl-A.
The goblin hits you with a +0 club.
Your Invocations skill increases to level 2!
The orc wizard hits you with a +0 dagger.
You closely miss the orc wizard.
The orc wizard is moderately wounded.
You barely miss the quokka. The quokka barely misses you.
The quokka misses you. The orc wizard closely misses you.
You barely miss something. Your headbutt misses something.
You hit the quokka but do no damage. You closely miss the orc wizard.
The quokka bites you. Something hits you.
* * * LOW HITPOINT WARNING * * *
The orc wizard hits you with a +0 dagger.
* * * LOW HITPOINT WARNING * * *
You feel much better. The quokka barely misses you.
Something hits you but does no damage. The orc wizard misses you.
You miss something. You miss the quokka. You miss the orc wizard.
The quokka closely misses you. Something hits you. The quokka bites you.
The orc wizard casts a spell.
The orc wizard flickers and vanishes!
You closely miss something. You hit the quokka but do no damage.
You completely miss something. Something hits you.
The quokka completely misses you. Something hits you.
Something barely misses you. The quokka barely misses you. Something hits you.
An orc comes into view. It is wielding a +0 hand axe.
A magic dart appears from out of thin air!
The magic dart hits something!
You're too confused to move!
The orc shouts!
The quokka barely misses you.
You hear some strange, mumbled words.
A magic dart appears from out of thin air!
The magic dart hits you!
* * * LOW HITPOINT WARNING * * *
You bump into the rock wall.
Something hits you.
* * * LOW HITPOINT WARNING * * *
The quokka bites you.
You die...

#.# #.# #.# #.#
#.# #.#
#.####.###
#........####
######.#.##.####
#.#.#<....###
#............#
#@..##.##....#
#r{g##.#####.#
#{......# .
##..##o.#
#.).......
#...#..###
#...#..# #..>.
.. ...... ..


You could see an orc, a quokka and a goblin.

Vanquished Creatures
  Sigmund (D:2)
  An orc priest (D:2)
  An orc wizard (D:2)
  A worm (D:2)
  5 orcs (D:2)
  2 giant cockroaches
  3 goblins (D:1)
  2 hobgoblins (D:1)
  A quokka (D:1)
  2 ball pythons (D:2)
  2 kobolds (D:1)
  A rat (D:1)
22 creatures vanquished.

Notes
Turn   | Place    | Note
-------+----------+-------------------------------------------
     0 | D:1      | Revguard the Minotaur Gladiator began the quest for the
                  | Orb.
     0 | D:1      | Reached XP level 1. HP: 18/18 MP: 0/0
   317 | D:1      | Found a faded altar of an unknown god.
   320 | D:1      | Reached XP level 2. HP: 20/25 MP: 1/1
   331 | D:1      | Prayed at the altar of an unknown god.
   331 | D:1      | Became a worshipper of Zin the Law-Giver
   331 | D:1      | Reached * piety under Zin
   877 | D:2      | Noticed Sigmund
   893 | D:2      | Killed Sigmund
   894 | D:2      | Reached skill level 1 in Invocations
   894 | D:2      | Reached skill level 1 in Evocations
   894 | D:2      | Reached XP level 3. HP: 6/31 MP: 1/3
   894 | D:2      | Reached XP level 4. HP: 8/38 MP: 1/4
   894 | D:2      | Reached XP level 5. HP: 9/45 MP: 1/5
   911 | D:2      | Fell from the grace of Zin
  1354 | D:2      | HP: 2/46 [something (4)]
  1354 | D:2      | Slain by a quokka

Illustrated notes

Levels and vault maps discovered:
D:1:      zelgadis_glass_arrival_small, layout_basic,
          hellmonk_ecumenical_altar_prayer_group, roderic_three_in_a_row,
          bh_walls_and_bars
D:2:      layout_loops_ring, uniq_sigmund

Skill      XL: |  1  2  3  4  5 |
---------------+----------------+-----
Fighting       | 3 |  3.7
Axes           | 4 |  4.6
Armour         | 2 |  2.6
Dodging        | 4 |  4.1
Invocations    | 1 2 |  2.0
Evocations     | 1 |  1.8
Throwing       | |  2.0

Action                   |  1- 3 |  4- 6 || total
-------------------------+-------+-------++-------
Melee: War axe           |    27 |    23 ||    50
       Headbutt          |     5 |     1 ||     6
Throw: Throwing net      |     2 |     1 ||     3
Invok: Renounce Religion |       |     1 ||     1
  Use: Potion            |       |     1 ||     1
 Stab: Held in net/web   |     1 |       ||     1
Armor: Leather armour    |     5 |     3 ||     8
Dodge: Dodged            |    24 |    27 ||    51
